 Dungeon Crawl Stone Soup version 0.24-a0-417-g1cce26a4d2 (webtiles) character file.

Game seed: 17972797512811668947

52 Gargoyl the Skirmisher (level 3, -2/31 HPs)
             Began as a Centaur Abyssal Knight on June 10, 2019.
             Was a Follower of Lugonu.
             Slain by a phantom (5 damage)
             ... while paralysed
             ... on level 2 of the Dungeon.
             The game lasted 00:02:05 (1711 turns).

Gargoyl the Skirmisher (Centaur Abyssal Knight)     Turns: 1711, Time: 00:02:05

Health: -2/31      AC:  8    Str: 17    XL:     3   Next: 60%
Magic:  4/4        EV:  1    Int: 11    God:    Lugonu [*.....]
Gold:   82         SH:  0    Dex:  9    Spells: 2/2 levels left

rFire    . . .     SeeInvis .   a - +1 hand axe
rCold    . . .     Gourm    .   (no shield)
rNeg     . . .     Faith    .   f - +0 plate armour
rPois    .         Spirit   .   (no helmet)
rElec    .         Reflect  .   (no cloak)
rCorr    .         Harm     .   (no gloves)
MR       .....                  (no barding)
Stlth    ..........             (no amulet)
HPRegen  0.10/turn              b - +3 ring of strength
MPRegen  0.09/turn              (no ring)

@: paralysed, berserk cooldown, slowed, very quick
A: large, hooves 3, deformed body, speed 2, tough skin 3
a: Depart the Abyss, Renounce Religion


You were on level 2 of the Dungeon.
You worshipped Lugonu.
Lugonu was aware of your devotion.
You were not hungry.

You visited 1 branch of the dungeon, and saw 2 of its levels.
You visited the Abyss 1 time.

You collected 82 gold pieces.

Inventory:

Hand Weapons
 a - a +1 hand axe (weapon)
Armour
 f - a +0 plate armour (worn)
Jewellery
 b - a +3 ring of strength (left hand)
Comestibles
 c - 3 rations


   Skills:
 + Level 3.4 Fighting
 + Level 2.1 Axes
 * Level 2.0 Armour
 * Level 1.1 Dodging
 * Level 2.4 Invocations


You had 2 spell levels left.
You didn't know any spells.
Your spell library contained the following spells:

 Spells                   Type           Power        Failure   Level  Hunger
 Cause Fear               Hex            #.........   100%        4    #####..
 Silence                  Hex/Air        #.........   100%        5    ######.
 Yara's Violent Unravell  Hex/Tmut       #.........   100%        5    ######.
 Deflect Missiles         Chrm/Air       #.........   100%        6    #######
 Discord                  Hex            #.........   100%        8    #######


Dungeon Overview and Level Annotations

Branches:
Dungeon (2/15)

Altars:


Innate Abilities, Weirdness & Mutations

You have hooves in place of feet.
Armour fits poorly on your strangely shaped body.
You cover ground very quickly.
You have extremely tough skin. (AC +3)


Message History

* * * LOW HITPOINT WARNING * * *
You aren't carrying any potions.
Unknown command.
The phantom hits you.
* * * LOW HITPOINT WARNING * * *
The phantom blinks!
The phantom blinks!
You see here a sapphire potion.
d - a sapphire potion It was a potion of berserk rage.
A red film seems to cover your vision as you go berserk!
You feel yourself moving faster!
You feel mighty!
The phantom blinks!
You feel a strong urge to attack something.
You feel your anger nearly subside.
The phantom blinks!
You are no longer berserk.
You pass out from exhaustion.
You feel yourself slow down. The phantom hits you.
You die...

*******,#.......#.....##.#,
*,,,,,,,#...)...#.######.#,
*,******#.......'.# #.#,
*,* #.......###****#.##
*,***** #.......# *,,,,#...
*,,,,,* #.......#**+**,#...
*****,* ##.####...,,,*,#...
*,* #.#,,+....,,*,#... *,*
#@#,*#....,,#,#<.. *,*
#W#,*#....,,#.##.. *****+**
#.#,**,,,,,,#..... *,,,,,,*
#.#,**,,.,,,####.. *,,,,,,*
#.#,**,,....####.. *,,,,,,*
#.#,*,,,.......... *,,,,,,*
#.#,*,**########..
*,,,,,,**#.#,*,* ######.
*,,,,,,+,,,*,*,* #..)รท..


You could see a phantom.

Vanquished Creatures
  A shadow imp (D:2)
  An ooze (D:1)
  A dart slug (D:1)
  A leopard gecko (D:2)
  A bat (D:1)
  4 giant cockroaches
  3 goblins (D:1)
  5 hobgoblins
  6 jackals (D:1)
  2 frilled lizards (D:1)
  3 kobolds (D:1)
  7 rats
35 creatures vanquished.

Notes
Turn   | Place    | Note
-------+----------+-------------------------------------------
     0 | Abyss:1  | Gargoyl the Centaur Abyssal Knight began the quest for the
                  | Orb.
     0 | Abyss:1  | Reached XP level 1. HP: 19/19 MP: 2/2
    29 | Abyss:2  | Found a corrupted altar of Lugonu.
    50 | Abyss:2  | Found a shimmering altar of Xom.
    69 | Abyss:2  | Noticed a large abomination
    80 | Abyss:2  | Noticed a small abomination
    85 | D:1      | Escaped the Abyss
   590 | D:1      | Reached XP level 2. HP: 26/26 MP: 3/3
   609 | D:1      | Reached * piety under Lugonu
   808 | D:1      | Reached skill level 1 in Dodging
   998 | D:1      | Reached XP level 3. HP: 27/31 MP: 4/4
  1673 | D:2      | Noticed a phantom
  1711 | D:2      | Slain by a phantom

Levels and vault maps discovered:
D:1:      lemuel_arrival_hallway, layout_loops_corners
D:2:      layout_basic, uniq_natasha

Skill      XL: |  1  2  3 |
---------------+----------+-----
Dodging        | 1 |  1.1
Axes           | 2 |  2.1
Armour         | 2 |  2.0
Fighting       | |  3.4
Invocations    | |  2.4

Action                   || total
-------------------------++-------
Melee: Hand axe          ||   118
       Kick              ||    27
Invok: Depart the Abyss  ||     1
  Use: Scroll            ||     4
       Potion            ||     1
  Eat: Chunk             ||     2
Armor: Plate armour      ||    71
       Scale mail        ||     9
Dodge: Dodged            ||    20

Table legend:
 A = Non-vault XP
 B = Vault XP
 C = Vault XP percentage of total XP
 D = Non-vault monster count
 E = Vault monster count
 F = Vault count percentage of total count
                 A         B        C        D         E       F
            +---------+---------+-------+---------+---------+-------
      Total |      75 |       0 |   0.0 |      35 |       0 |   0.0
            +---------+---------+-------+---------+---------+-------
        D:1 |      49 |       0 |   0.0 |      26 |       0 |   0.0
        D:2 |      26 |       0 |   0.0 |       9 |       0 |   0.0
            +---------+---------+-------+---------+---------+-------
